 Dungeon Crawl Stone Soup version 0.29.0-4-gdea44cf6ec (webtiles) character file.

Game seed: 17356696575502559669

45 qw the Chopper (level 3, -1/29 HPs)
             Began as a Demonspawn Cinder Acolyte on Sept 10, 2022.
             Was a High Priest of Ignis.
             Succumbed to Sigmund's poison
             ... on level 2 of the Dungeon.
             The game lasted 00:00:16 (1188 turns).

qw the Chopper (Demonspawn Cinder Acolyte)          Turns: 1188, Time: 00:00:17

Health: -1/29      AC:  5    Str: 16    XL:     3   Next: 42%
Magic:  4/4        EV: 10    Int: 15    God:    Ignis [*****.]
Gold:   113        SH:  0    Dex:  8    Spells: 4/4 levels left

rFire   + . .      SeeInvis .   Y - -1 hand axe (flame)
rCold   . . .      Faith    .   (no shield)
rNeg    . . .      Spirit   .   i - +0 ring mail
rPois   .          Reflect  .   (no helmet)
rElec   .          Harm     .   (no cloak)
rCorr   .          Rampage  .   (no gloves)
Will    .....                   (no boots)
Stlth   ..........              (no amulet)
HPRegen 0.09/turn               (no ring)
MPRegen 0.09/turn               (no ring)

@: lethally poisoned (-1 -> -16), about to teleport
A: spiny 1, weakness stinger 1
a: Renounce Religion, Fiery Armour, Foxfire Swarm, Rising Flame


You were on level 2 of the Dungeon.
You worshipped Ignis.
Ignis was extremely pleased with you.
You visited 1 branch of the dungeon, and saw 2 of its levels.

You collected 113 gold pieces.


Innate Abilities, Weirdness & Mutations

You are partially covered in sharp spines.
You have a small tail.


   Skills:
 - Level 3.0 Fighting
 + Level 3.9 Axes
 - Level 1.0 Throwing
 - Level 1.0 Spellcasting
 - Level 2.6 Fire Magic


You had 4 spell levels left.
You didn't know any spells.
Your spell library contained the following spells:

 Spells                   Type           Power      Damage    Failure   Level
 Scorch                   Fire           16%        2d6       24%         2

Inventory:

Hand Weapons
 Y - a -1 hand axe of flaming (weapon)
Missiles
 e - 4 javelins (quivered)
Armour
 f - a +0 chain mail
 i - a +0 ring mail (worn)
Scrolls
 a - a scroll of enchant armour
 b - a scroll of magic mapping {unknown}
Potions
 c - a potion of resistance {unknown}
 d - a potion of lignification {unknown}
 h - a potion of might {unknown}

Dungeon Overview and Level Annotations

Branches:
Dungeon (2/15)

Altars:

Annotations:
D:1 2 transporters
D:2 Sigmund


Message History

e - a javelin
Found a stone staircase leading down.
e - 2 javelins (gained 1)
g - a scroll of teleportation
h - a fizzy coppery potion
e - 4 javelins (gained 2)
Found a ring mail.
Found a chain mail.
You see here a +0 ring mail.
You now have 113 gold pieces (gained 12).
You see here 7 stones.
You see here a +0 chain mail.
Sigmund the Dreaded comes into view.
He is wielding a +2 scythe of venom.
Sigmund shouts!
Found a falchion.
Sigmund hits you with a +2 scythe of venom!
You are poisoned.
You closely miss Sigmund.
You feel very sick.
You hit Sigmund. You burn Sigmund.
Your tail-slap misses Sigmund.
Sigmund is moderately wounded.
You feel very sick.
Sigmund points at you and mumbles some strange words.
You are confused.
You hit Sigmund but do no damage. Your punch misses Sigmund.
Sigmund is moderately wounded.
You feel very sick. Sigmund completely misses you.
You bump into the rock wall.
You feel sick. Sigmund is struck by your spines. Sigmund barely misses you.
You feel sick.
You feel sick.
You feel less confused.
You feel sick. Sigmund is struck by your spines.
Sigmund hits you with a +2 scythe of venom.
You are more poisoned.
1188 ||| READING scroll of teleportation.
As you read the scroll of teleportation, it crumbles to dust.
You feel strangely unstable.
You die...

#.. #.#### ###.#...
.....>#
#.#############.#..#
...................
####...#######....#
###.....[......#.....
#...@....#####.##.#.#
##.@#...(# #.........
#...#..[.# #.#.##.#.#
#...#....# #.#.##.#.#
##..#....# #.#.##.#.#
#..#....# #.#.##.#.#
#..#.#### #.#.##.#.#
#..#.# #.#.##.#..
#.)#.# #.#.##.##.


You could see Sigmund.

Vanquished Creatures
  Terence (D:2)
  A worm (D:2)
  4 ball pythons
  An endoplasm (D:1)
  2 goblins (D:1)
  4 hobgoblins (D:1)
  A bat (D:1)
  A frilled lizard (D:2)
  A kobold (D:1)
16 creatures vanquished.

Notes
Turn   | Place    | Note
-------+----------+-------------------------------------------
     0 | D:1      | qw the Demonspawn Cinder Acolyte began the quest for the
                  | Orb.
     0 | D:1      | Reached XP level 1. HP: 18/18 MP: 2/2
     0 | D:1      | 0 ||| qw: Version: 0.1-a-116-g5d60599
     0 | D:1      | 0 ||| qw: Game counter: 7413
     0 | D:1      | 0 ||| qw: Always use a shield: true
     0 | D:1      | 0 ||| qw: God list: Okawaru
     0 | D:1      | 0 ||| qw: Allow faded altars: false
     0 | D:1      | 0 ||| qw: Do Orc after D:15 true
     0 | D:1      | 0 ||| qw: Do second Lair branch before Depths: true
     0 | D:1      | 0 ||| qw: Lair rune preference: random
     0 | D:1      | 0 ||| qw: Plans: Normal
     0 | D:1      | 0 ||| PLANNING D:1-11
   149 | D:1      | Reached skill level 3 in Axes
   149 | D:1      | 149 ||| Stepping ~*~*~tactically~*~*~ (stealth).
   191 | D:1      | 191 ||| Stepping ~*~*~tactically~*~*~ (stealth).
   194 | D:1      | 194 ||| Stepping ~*~*~tactically~*~*~ (stealth).
   228 | D:1      | 228 ||| Stepping ~*~*~tactically~*~*~ (stealth).
   487 | D:1      | Reached skill level 1 in Throwing
   487 | D:1      | Gained mutation: You are partially covered in sharp spines.
                  | [demonic ancestry]
   487 | D:1      | Reached XP level 2. HP: 24/24 MP: 3/3
   830 | D:1      | 830 ||| UPGRADING to +0 ring mail.
   840 | D:1      | 840 ||| DROPPING +0 robe.
   841 | D:1      | 841 ||| READING 2 scrolls labelled KASEULIQETZ.
   842 | D:1      | 842 ||| READING scroll labelled NUAPLE ZEDWI.
   847 | D:1      | 847 ||| DRINKING 2 clear potions.
   848 | D:1      | 848 ||| DROPPING potion of brilliance.
   921 | D:2      | Noticed Terence
   925 | D:2      | 925 ||| Stepping ~*~*~tactically~*~*~ (stealth).
   930 | D:2      | 930 ||| INVOKING Fiery Armour.
   935 | D:2      | Killed Terence
   936 | D:2      | Discovered your monstrous ancestry.
   936 | D:2      | Gained mutation: You have a small tail. [demonic ancestry]
   936 | D:2      | Reached XP level 3. HP: 12/29 MP: 4/4
   937 | D:2      | 937 ||| Stepping ~*~*~tactically~*~*~ (stealth).
   941 | D:2      | 941 ||| Stepping ~*~*~tactically~*~*~ (stealth).
  1179 | D:2      | Noticed Sigmund
  1184 | D:2      | HP: 7/29 [poisoned by Sigmund]
  1187 | D:2      | HP: 2/29 [Sigmund/+2 scythe of venom (2)]
  1188 | D:2      | 1188 ||| READING scroll of teleportation.
  1188 | D:2      | Succumbed to Sigmund's poison

Levels and vault maps discovered:
D:1:      spicycebolla_arrival_transporter_tutorial, layout_loops_ring
D:2:      layout_basic, serial_shops, shop, uniq_sigmund, uniq_terence

Skill      XL: |  1 |
---------------+----+-----
Axes           | 3 |  3.9
Throwing       | 1 |  1.0
Fighting       | |  3.0
Spellcasting   | |  1.0
Fire Magic     | |  2.6

Action                   || total
-------------------------++-------
Melee: Hand axe          ||    36
Throw: Javelin           ||    18
Invok: Fiery Armour      ||     1
  Use: Scroll            ||     3
       Potion            ||     1
Armor: Robe              ||     5
       Ring mail         ||     1
Dodge: Dodged            ||    17

Table legend:
 A = Non-vault XP
 B = Vault XP
 C = Vault XP percentage of total XP
 D = Non-vault monster count
 E = Vault monster count
 F = Vault count percentage of total count
                 A         B        C        D         E       F
            +---------+---------+-------+---------+---------+-------
      Total |      29 |      36 |  55.4 |      15 |       1 |   6.2
            +---------+---------+-------+---------+---------+-------
        D:1 |      18 |       0 |   0.0 |      10 |       0 |   0.0
        D:2 |      11 |      36 |  76.6 |       5 |       1 |  16.7
            +---------+---------+-------+---------+---------+-------
